 Dungeon Crawl Stone Soup version 0.30-a0-743-gbfdf073431 (webtiles) character file.

Game seed: 6725006690553392482

98501 Dittersdorf the Warrior (level 16, 0/111 HPs)
             Began as a Gargoyle Fighter on Feb 7, 2023.
             Was the Champion of Okawaru.
             Slain by a two-headed ogre
             ... wielding a +0 giant club
              (4 damage)
             ... on level 2 of the Orcish Mines.
             The game lasted 00:31:01 (22447 turns).

Dittersdorf the Warrior (Gargoyle Fighter)         Turns: 22447, Time: 00:31:02

Health: 0/111      AC: 23    Str: 35    XL:     16   Next: 22%
Magic:  16/16      EV:  8    Int:  9    God:    Okawaru [******]
Gold:   2070       SH: 15    Dex: 15    Spells: 10/15 levels left

rFire   . . .      SeeInvis +    e - +5 flail (drain)
rCold   . . .      Faith    .    I - +2 kite shield
rNeg    + . .      Spirit   .    v - +3 chain mail of Satisfaction {Str+7 Slay+3}
rPois   ∞          Reflect  .    z - +2 helmet {SInv}
rElec   +          Harm     .    L - +2 cloak {Will+}
rCorr   .          Rampage  .    j - +0 pair of gloves
Will    ++...                    h - +0 pair of boots Stlth
                                 (no amulet)
HPRegen 0.38/turn                J - +6 ring of dexterity
MPRegen 0.15/turn                r - +4 ring of protection

@: corroded, flying, studying Staves
A: sickness immunity, AC +12, big wings, negative energy resistance 1,
electricity resistance, torment resistance 1, petrification resistance,
evolution 1, MP-powered wands
a: Renounce Religion, Heroism, Finesse, Duel


You were on level 2 of the Orcish Mines.
You worshipped Okawaru.
Okawaru was exalted by your worship.
You visited 4 branches of the dungeon, and saw 21 of its levels.
You also visited: Sewer and Ossuary.

You collected 2371 gold pieces.
You spent 301 gold pieces at shops.

Inventory:

Hand Weapons
 e - a +5 flail of draining (weapon)
 s - a +1 heavy morningstar
Missiles
 a - 7 poisoned darts (quivered)
Armour
 h - a +0 pair of boots (worn)
 j - a +0 pair of gloves (worn)
 v - the +3 chain mail of Satisfaction (worn) {Str+7 Slay+3}
   (Okawaru gifted it to you on level 4 of the Lair of Beasts)

   Str:       It affects your strength (+7).
   Slay:      It affects your accuracy & damage with ranged weapons and melee
   (+3).
 z - a +2 helmet of see invisible (worn)
 D - +1 ice dragon scales
 I - a +2 kite shield (worn)
 L - a +2 cloak of willpower (worn)
Jewellery
 b - a ring of protection from fire
 f - a ring of protection from cold
 r - a +4 ring of protection (right hand)
 J - a +6 ring of dexterity (left hand)
Wands
 i - a wand of light (22)
 q - a wand of roots (17)
 E - a wand of digging (12)
Scrolls
 c - 2 scrolls of magic mapping
 m - 3 scrolls of enchant weapon
 o - 5 scrolls of enchant armour
 p - 12 scrolls of teleportation
 t - 3 scrolls of fog
 y - 2 scrolls of blinking
 G - 3 scrolls of identify
 H - a scroll of fear
Potions
 d - a potion of might
 k - 2 potions of invisibility
 l - a potion of resistance
 n - a potion of mutation
 u - 2 potions of magic
 w - 6 potions of heal wounds
 x - 6 potions of curing
 A - a potion of ambrosia
 B - a potion of cancellation
 C - 7 potions of haste
 F - 2 potions of berserk rage
 K - a potion of brilliance


   Skills:
 + Level 16.4 Fighting
 + Level 13.7 Maces & Flails
 + Level 15.1 Armour
 + Level 15.1 Shields


You had 10 spell levels left.
You knew the following spells:

 Your Spells              Type           Power      Damage    Failure   Level
a - Stone Arrow           Conj/Erth      0%         3d7       99%         3
b - Passwall              Tmut/Erth      0%         N/A       96%         2

Your spell library contained the following spells:

 Spells                   Type           Power      Damage    Failure   Level
 Magic Dart               Conj           0%         1d3       89%         1
 Sandblast                Erth           0%         2d4       89%         1
 Blink                    Tloc           0%         N/A       96%         2
 Searing Ray              Conj           0%         2d4       96%         2
 Fulminant Prism          Conj/Hex       0%         3d5       100%        4
 Manifold Assault         Tloc           0%         N/A       100%        4
 Blade Hands              Tmut           0%         N/A       100%        5
 Iron Shot                Conj/Erth      0%         9d1       100%        6
 Storm Form               Tmut/Air       0%         N/A       100%        7
 Animate Armour           Summ/Erth      Unusable   N/A       N/A         4

Dungeon Overview and Level Annotations

Branches:
Dungeon (13/15)            Temple (1/1) D:7            Lair (5/5) D:8
  Swamp (0/4) Lair:3        Snake (0/4) Lair:2        Slime (0/5) Lair:4
    Orc (2/2) D:12            Elf (0/3) Orc:2         Sewer (visited)
Ossuary (visited)
 Vaults: D:13-14

Altars:
Ashenzari
Cheibriados
Dithmenos
Elyvilon
Fedhas
Gozag
Hepliaklqana
Kikubaaqudgha
Makhleb
Nemelex Xobeh
Okawaru
Qazlal
Ru
Sif Muna
Trog
Uskayaw
Vehumet
Wu Jian
Xom
Yredelemnul
Zin
The Shining One
Jiyva

Shops:
D:2 [   D:7 !   D:12 [   Orc:2 *

Portals:
Bazaar: Orc:2

Annotations:
D:10 1 transporter


Innate Abilities, Weirdness & Mutations

You are immune to sickness and miasma.
Your stone body is resilient. (AC +12)
You are immune to poison.
Your large and strong wings let you fly.
You resist negative energy. (rN+)
You are resistant to electric shocks. (rElec)
You are resistant to unholy torment.
You are immune to petrification.
You have hidden genetic potential.
You expend magic power (3 MP) to strengthen your wands.


Message History

The orc hits you but does no damage.
The orc sorcerer casts a spell.
The orc sorcerer hits you but does no damage.
The rust devil barely misses you.
You closely miss the rust devil.
The rust devil is heavily wounded.
The orc sorcerer hits you but does no damage.
You block the orc's attack.
The two-headed ogre hits you with a +0 giant club.
You block the two-headed ogre's attack.
You hit the rust devil but do no damage.
The rust devil is heavily wounded.
The rust devil hits you. The rust devil corrodes you!
The orc hits you but does no damage. The orc sorcerer casts a spell at you.
You resist with almost no effort.
You hit the rust devil but do no damage.
The rust devil is heavily wounded.
The two-headed ogre hits you with a +0 giant club! x2
* * * LOW HITPOINT WARNING * * *
You block the rust devil's attack. You block the orc's attack.
The orc sorcerer gestures at you while chanting.
The bolt of fire hits you!!
* * * LOW HITPOINT WARNING * * *
You are too injured to fight recklessly!
You are too injured to fight recklessly!
You are too injured to fight recklessly!
You are too injured to fight recklessly!
You are too injured to fight recklessly!
You are too injured to fight recklessly!
You are too injured to fight recklessly!
You are too injured to fight recklessly!
You are too injured to fight recklessly!
You are too injured to fight recklessly!
You are too injured to fight recklessly!
You are too injured to fight recklessly!
The two-headed ogre attacks as you move away!
You block the two-headed ogre's attack.
The two-headed ogre hits you with a +0 giant club.
You die...

##### ..#..
.... #..####
#.oo3.# ###
#3o4Oo#
#.####
####@o+
...#.##
#.....#
#.....#
#.....#
#..#.##
#..######
...### #'##
... ...##
#..# ....
....#
#.##.....
...##
####........
..##
##...........


You could see a two-headed ogre, a rust devil (summoned), a smoke demon
(summoned), a neqoxec (summoned), 2 orc sorcerers and 3 orcs.

Vanquished Creatures
  An orc warlord (Orc:2)
  2 hydras (Lair:5)
  The ghost of hbarley the Cleaver, a journeyman HOFi of Hepliaklqana (D:9)
  3 catoblepae (Lair:5)
  3 boulder beetles (D:11)
  A centaur warrior (D:11)
  A two-headed ogre (D:9)
  The ghost of Puggon the Stormcaller, a journeyman TeAE of Ashenzari (Lair:1)
  An orc high priest (Orc:1)
  13 death yaks
  Lodul (D:10)
  2 orc knights (Orc:2)
  A lindwurm (Lair:4)
  4 orc sorcerers
  4 manticores
  A cyclops (D:12)
  5 black mambas
  2 gargoyles
  The ghost of kingofthe the Magician, a novice DECj of Vehumet (D:6)
  12 elephants
  11 cane toads
  4 rime drakes
  An unseen horror (D:12)
  9 komodo dragons
  9 trolls
  5 saltlings (Orc:2)
  A tyrant leech (Lair:3)
  5 hornets
  5 polar bears
  30 dream sheep
  23 blink frogs
  17 slime creatures
  Sigmund (D:5)
  3 shadows
  36 yaks
  4 wyverns
  2 basilisks
  2 neqoxecs (D:9)
  2 steam dragons (D:7)
  4 vampire mosquitoes (D:11)
  Menkaure (D:5)
  3 nagas (Lair:2)
  A warg (Orc:2)
  2 swamp worms (Lair:3)
  Edmund (D:4)
  21 water moccasins
  An acid dragon (D:11)
  23 orc warriors
  A sky beast (D:6)
  4 ice beasts
  2 black bears (Lair:2)
  12 ogres
  7 centaurs
  A phantom (D:7)
  19 wolves
  A kobold brigand (Sewer)
  17 bullfrogs
  4 scorpions
  3 gnoll sergeants
  2 necrophages
  9 wights
  15 killer bees
  6 electric eels
  12 howler monkeys
  2 centaur zombies (Ossuary)
  5 hounds
  2 quasits (D:9)
  12 orc priests
  Crazy Yiuf (D:6)
  2 jellies
  Natasha (thrice) (D:2)
  An iguana (D:6)
  23 orc wizards
  5 hell rats (Lair:4)
  A hound zombie (D:3)
  4 mummies (Ossuary)
  19 gnolls
  16 adders
  5 river rats
  An adder zombie (D:3)
  3 worms (D:5)
  3 dart slugs
  58 orcs
  8 ball pythons
  9 endoplasms
  6 giant cockroaches
  4 goblins
  9 hobgoblins
  11 jackals
  4 quokkas
  6 bats
  3 frilled lizards
  2 goblin zombies (Ossuary)
  3 hobgoblin zombies (Ossuary)
  9 kobolds
  A kobold zombie (Ossuary)
  A quokka zombie (D:3)
  7 rats
651 creatures vanquished.

Vanquished Creatures (others)
  An orc (D:8)
  A bush (Lair:5)
  21 fungi
  2 pillars of salt (Orc:2)
  39 plants
64 creatures vanquished.

Grand Total: 715 creatures vanquished

Notes
Turn   | Place    | Note
-------+----------+-------------------------------------------
     0 | D:1      | Dittersdorf the Gargoyle Fighter began the quest for the
                  | Orb.
     0 | D:1      | Reached XP level 1. HP: 14/14 MP: 1/1
    44 | D:1      | Reached XP level 2. HP: 19/19 MP: 2/2
   649 | D:1      | Reached XP level 3. HP: 21/23 MP: 3/3
   916 | D:2      | Found a burning altar of Makhleb.
   925 | D:2      | Reached XP level 4. HP: 29/29 MP: 4/4
   944 | D:2      | Noticed Natasha
   950 | D:2      | Killed Natasha
   951 | D:2      | Reached skill level 4 in Fighting
  1016 | D:2      | Noticed Natasha
  1040 | D:2      | Killed Natasha
  1041 | D:2      | Reached XP level 5. HP: 21/33 MP: 5/5
  1112 | D:2      | Noticed Natasha
  1119 | D:2      | Killed Natasha
  1188 | D:2      | Found Hinkuof's Armour Boutique.
  1675 | D:3      | Found a basalt altar of Yredelemnul.
  1917 | D:3      | Reached XP level 6. HP: 37/39 MP: 6/6
  2259 | D:3      | Found a shimmering blue altar of Sif Muna.
  2375 | D:4      | Noticed Edmund
  2412 | D:4      | Killed Edmund
  2452 | D:4      | Found an opulent altar of Gozag.
  2526 | D:4      | Reached skill level 5 in Fighting
  2568 | D:4      | Reached skill level 5 in Armour
  2568 | D:4      | Reached skill level 5 in Shields
  2578 | D:4      | Found a sand-covered staircase.
  2584 | Ossuary  | Entered an ossuary
  2684 | Ossuary  | Reached XP level 7. HP: 44/44 MP: 7/7
  2894 | D:4      | Found a white marble altar of Elyvilon.
  3231 | D:5      | Entered Level 5 of the Dungeon
  3430 | D:5      | Reached XP level 8. HP: 48/51 MP: 8/8
  3468 | D:5      | Found a glowing drain.
  3472 | Sewer    | Entered a sewer
  3756 | Sewer    | Reached skill level 6 in Fighting
  3856 | D:5      | Noticed Menkaure
  3873 | D:5      | Killed Menkaure
  3874 | D:5      | Reached skill level 5 in Maces & Flails
  4103 | D:5      | Noticed Sigmund
  4112 | D:5      | Killed Sigmund
  4526 | D:6      | Reached XP level 9. HP: 55/56 MP: 9/9
  4705 | D:6      | Reached skill level 7 in Fighting
  4909 | D:6      | Found a runed translucent door.
  4915 | D:6      | Noticed kingofthe's ghost (novice DECj)
  5339 | D:6      | Found a runed translucent door.
  5340 | D:6      | Noticed Crazy Yiuf
  5539 | D:2      | Bought a +2 helmet of see invisible for 301 gold pieces
  5831 | D:7      | Identified the +4 halberd "Dukopsue" {speed, rF+ Str+4}
  5977 | D:7      | Found Enkenes's Distillery.
  6047 | D:7      | Reached skill level 8 in Fighting
  6117 | D:7      | Found a staircase to the Ecumenical Temple.
  6127 | Temple   | Entered the Ecumenical Temple
  6541 | D:8      | Noticed a hornet
  6552 | D:8      | Killed a hornet
  6553 | D:8      | Reached XP level 10. HP: 64/64 MP: 10/10
  6878 | D:8      | Reached skill level 9 in Fighting
  7105 | D:8      | Found a staircase to the Lair.
  7787 | D:9      | Found an iron altar of Okawaru.
  7787 | D:9      | Found an ancient bone altar of Kikubaaqudgha.
  7793 | D:9      | Became a worshipper of Warmaster Okawaru
  7888 | D:9      | Noticed a two-headed ogre
  7897 | D:9      | Killed a two-headed ogre
  7897 | D:9      | Reached * piety under Okawaru
  7899 | D:9      | Found a transporter.
  7902 | D:9      | Noticed hbarley's ghost (journeyman HOFi)
  8114 | D:9      | Found a transporter.
  8229 | D:9      | Reached XP level 11. HP: 71/71 MP: 11/11
  8308 | D:9      | Found a broken altar of Ashenzari.
  8401 | D:10     | Entered Level 10 of the Dungeon
  8689 | D:10     | Found a transporter.
  8712 | D:10     | Reached ** piety under Okawaru
  8825 | D:10     | Noticed Lodul
  8839 | D:10     | Reached skill level 10 in Armour
  8840 | D:10     | Reached skill level 10 in Fighting
  8840 | D:10     | Reached skill level 10 in Shields
  8848 | D:10     | Killed Lodul
  9056 | D:10     | Reached *** piety under Okawaru
  9206 | D:10     | Found a blossoming altar of Fedhas.
  9328 | D:10     | Found a sacrificial altar of Ru.
  9540 | Lair:1   | Entered Level 1 of the Lair of Beasts
  9652 | Lair:1   | Reached **** piety under Okawaru
  9891 | Lair:1   | Reached ***** piety under Okawaru
 10127 | Lair:1   | Found a runed translucent gate.
 10127 | Lair:1   | Found a runed translucent gate.
 10128 | Lair:1   | Found a runed translucent gate.
 10129 | Lair:1   | Noticed Puggon's ghost (journeyman TeAE)
 10742 | D:6      | Killed kingofthe's ghost
 10743 | D:6      | Reached skill level 11 in Fighting
 10743 | D:6      | Reached XP level 12. HP: 80/80 MP: 12/12
 10860 | D:6      | Killed Crazy Yiuf
 11044 | D:9      | Gained mutation: You are dopey. (Int -2) [a neqoxec]
 11052 | D:9      | Killed hbarley's ghost
 11053 | D:9      | Reached skill level 10 in Maces & Flails
 11133 | D:9      | Learned a level 3 spell: Stone Arrow
 11136 | D:9      | Learned a level 2 spell: Passwall
 11397 | Lair:2   | Noticed a death yak
 11399 | Lair:2   | Noticed a death yak
 11402 | Lair:2   | Noticed a death yak
 11402 | Lair:2   | Noticed a death yak
 11404 | Lair:2   | Noticed a death yak
 11408 | Lair:2   | Noticed a death yak
 11688 | Lair:1   | Killed Puggon's ghost
 12078 | Lair:2   | Found a staircase to the Snake Pit.
 12578 | Lair:1   | Killed a death yak
 12648 | Lair:1   | Killed a death yak
 12669 | Lair:1   | Killed a death yak
 12681 | Lair:1   | Killed a death yak
 12691 | Lair:1   | Killed a death yak
 12697 | Lair:1   | Killed a death yak
 12959 | Lair:2   | Reached skill level 12 in Fighting
 13390 | Lair:3   | Reached XP level 13. HP: 72/86 MP: 13/13
 13624 | Lair:3   | Received a gift from Okawaru
 13806 | Lair:3   | Found a staircase to the Swamp.
 15056 | Lair:4   | Reached ****** piety under Okawaru
 15259 | Lair:4   | Identified the +3 chain mail of Satisfaction {Str+7 Slay+3}
                  | (Okawaru gifted it to you on level 4 of the Lair of Beasts)
 15259 | Lair:4   | Received a gift from Okawaru
 15269 | Lair:4   | Reached skill level 13 in Fighting
 15674 | Lair:4   | Found a viscous altar of Jiyva.
 15675 | Lair:4   | Found a staircase to the Slime Pits.
 16017 | Lair:5   | Entered Level 5 of the Lair of Beasts
 16234 | Lair:5   | Gained mutation: Your large and strong wings let you fly.
                  | [Gargoyle growth]
 16234 | Lair:5   | Reached XP level 14. HP: 89/94 MP: 14/14
 16383 | Lair:5   | Identified the +1 cloak of the Hammering Gods {rElec Str+4
                  | Slay+3} (Okawaru gifted it to you on level 5 of the Lair of
                  | Beasts)
 16383 | Lair:5   | Received a gift from Okawaru
 16615 | Lair:5   | Reached skill level 15 in Fighting
 16615 | Lair:5   | Reached XP level 15. HP: 103/103 MP: 15/15
 16760 | Lair:5   | HP: 4/103 [death yak (14)]
 18334 | D:11     | Identified the +5 dire flail of Righteous Fury {freeze,
                  | SInv} (Okawaru gifted it to you on level 11 of the Dungeon)
 18334 | D:11     | Received a gift from Okawaru
 18676 | D:11     | Reached skill level 16 in Fighting
 19023 | D:12     | Found Jeudwute's Armour Boutique.
 19025 | D:12     | Found a staircase to the Orcish Mines.
 19349 | D:12     | You are sucked into a shaft and drop 1 floor!
 19350 | D:13     | yay!
 20351 | Orc:1    | Entered Level 1 of the Orcish Mines
 20371 | Orc:1    | Reached XP level 16. HP: 110/110 MP: 16/16
 20534 | Orc:2    | Entered Level 2 of the Orcish Mines
 20538 | Orc:2    | Found a gateway to a bazaar.
 20870 | Orc:2    | Lost mutation: You are dopey. (Int -2) [potion of mutation]
 20870 | Orc:2    | Gained mutation: You have a pair of small horns on your
                  | head. [potion of mutation]
 20870 | Orc:2    | Gained mutation: You expend magic power (3 MP) to
                  | strengthen your wands. [potion of mutation]
 20870 | Orc:2    | Gained mutation: Your muscles are strong. (Str +4, Int/Dex
                  | -1) [potion of mutation]
 20871 | Orc:2    | Lost mutation: Your muscles are strong. (Str +4, Int/Dex
                  | -1) [potion of mutation]
 20871 | Orc:2    | Lost mutation: You have a pair of small horns on your head.
                  | [potion of mutation]
 20871 | Orc:2    | Gained mutation: You have hidden genetic potential. [potion
                  | of mutation]
 21348 | Orc:2    | Reached skill level 15 in Shields
 21445 | Orc:2    | Reached skill level 15 in Armour
 21549 | Orc:1    | Received a gift from Okawaru
 21996 | Orc:2    | Found a staircase to the Elven Halls.
 22053 | Orc:2    | Found Xykhlampu's Gadget Gallery.
 22446 | Orc:2    | HP: 4/111 [orc sorcerer/bolt of fire[an orc knight] (26)]
 22447 | Orc:2    | Slain by a two-headed ogre

Illustrated notes

#...........
#...........
#...<.......
#...........
#...........
####>..........
...............
.......@.......
...............
...............
....####+######
... ##


Turn 19350 on D:13: yay!

Levels and vault maps discovered:
D:1:      dreamdust_arrival_sigmund_warning, layout_loops_ring
D:2:      layout_loops_ring, basic_altar, serial_shops, nicolae_square_shop,
          uniq_natasha
D:3:      layout_basic, nicolae_yredelemnul_corpse_copse,
          mainiacjoe_overflow_boulevard
D:4:      layout_basic, grunt_gozag_breadcrumbs,
          nicolae_elyvilon_peaceful_grove, nicolae_ossuary_entry_plus,
          uniq_edmund
D:5:      layout_basic, gup_sewer_entry_spiral, uniq_menkaure, uniq_sigmund
D:6:      layout_loops_ring, ebering_ghost_reflecting_pool,
          uniq_crazy_yiuf_cottage
D:7:      layout_loops_ring, minmay_temple_entry_antechambers, serial_shops,
          shop, minmay_misc_feat_four_crosses, kennysheep_pointless_box,
          serial_bayou_crossing
D:8:      layout_basic, erik_lair_island, grunt_decor_junction
D:9:      layout_rooms, mainiacjoe_overflow_surrounded_room,
          nicolae_overflow_two_pavilions, gammafunk_ghost_stat_death
D:10:     layout_loops_ring, kennysheep_mini, fedhas_altar_2,
          nicolae_diode_basic, uniq_lodul
D:11:     layout_loops_ring
D:12:     layout_layer_cave, orc_david_3
D:13:     layout_irregular_city, david_vaults_1, minmay_radiant
Temple:   dshaligram_water_room_temple
Lair:1:   layout_regular_city, ebering_ghost_rock_garden, beast_lair_carwin_3
Lair:2:   layout_chaotic_city, nicolae_snake_entry_squirm,
          gammafunk_lair_bear_cave, lemuel_fruit_fields
Lair:3:   layout_concentric_octagons, minmay_swamp_entry_worms,
          grunt_megastairs_1
Lair:4:   layout_cave_pods, slime_entry_1, nicolae_lair_lindhole,
          serial_bayou_shore_a
Lair:5:   evilmike_catoblepas_cave, layout_loops_ring, serial_bayou_shore_b
Orc:1:    layout_caves
Orc:2:    hellmonk_orc_salted, layout_diamond_mine, serial_shops,
          bzr_entry_water, nicolae_shop_gadgets

Skill      XL: |  1  2  3  4  5  6  7  8  9 10 11 12 13 14 15 16 |
---------------+-------------------------------------------------+-----
Fighting       | 4 5 6 8 9 11 12 13 15 16 | 16.4
Armour         | 4 5 6 8 9 11 12 13 14 15 | 15.1
Shields        | 4 5 6 8 9 11 12 13 14 15 | 15.1
Maces & Flails | 3 4 5 7 8 9 11 12 13 | 13.7

Action                     |  1- 3 |  4- 6 |  7- 9 | 10-12 | 13-15 | 16-18 || total
---------------------------+-------+-------+-------+-------+-------+-------++-------
  Melee: Flail             |    96 |   222 |   355 |   755 |   883 |   228 ||  2539
  Throw: Dart              |       |       |       |    10 |     1 |       ||    11
 Invoke: Heroism           |       |       |       |     4 |       |       ||     4
         Finesse           |       |       |       |     3 |       |       ||     3
    Use: Scroll            |       |     6 |    11 |     7 |     3 |     2 ||    29
         Potion            |       |     1 |       |     5 |     1 |     2 ||     9
 Armour: Scale mail        |    71 |   198 |    12 |       |       |       ||   281
         Chain mail        |       |       |   162 |   631 |   570 |    95 ||  1458
         Plate armour      |       |       |    30 |       |       |       ||    30
         Skin              |       |       |       |       |    46 |       ||    46
  Dodge: Dodged            |    48 |   159 |   117 |   254 |   266 |    50 ||   894
  Block: Buckler           |    27 |    81 |    83 |    61 |       |       ||   252
         Kite shield       |       |       |       |   399 |   615 |   185 ||  1199

Table legend: (Time is in decaauts)
 A = Elapsed time spent in this place.
 B = Non-inter-level travel time spent in this place.
 C = Inter-level travel time spent in this place.
 D = Time resting spent in this place.
 E = Time spent auto-exploring this place.
 F = Levels seen in this place.
 G = Mean time per level.
                   A        B        C        D        E       F      G
               +--------+--------+--------+--------+--------+-----+--------+
         Total |  22643 |  21111 |   1532 |   2991 |  13084 |  23 |  984.5 |
       Dungeon |  11968 |  10830 |   1138 |    636 |   7520 |  13 |  920.6 |
        Temple |    132 |    110 |     22 |      0 |    100 |   1 |  132.0 |
          Lair |   7808 |   7493 |    315 |   1674 |   4137 |   5 | 1561.6 |
  Orcish Mines |   2052 |   1996 |     56 |    621 |    974 |   2 | 1026.0 |
         Sewer |    395 |    395 |      0 |      0 |    225 |   1 |  395.0 |
       Ossuary |    285 |    285 |      0 |     60 |    126 |   1 |  285.0 |
               +--------+--------+--------+--------+--------+-----+--------+

Top non-repeatable levels by time:
  Lair:1: 1814 daAuts
  Lair:4: 1707 daAuts
  Lair:5: 1509 daAuts
  Lair:2: 1392 daAuts
  Lair:3: 1384 daAuts
     D:8: 1375 daAuts
    D:12: 1366 daAuts
     D:6: 1325 daAuts
    D:10: 1156 daAuts
   Orc:2: 1105 daAuts
     D:5: 977 daAuts
   Orc:1: 947 daAuts
    D:11: 905 daAuts
     D:3: 905 daAuts
     D:9: 880 daAuts
